 Dungeon Sprint DCSS version 0.18-a0-1560-ge216ca8 (webtiles) character file.

4056 Kokonut the Basher (level 10, -5/114 (115) HPs)
             Began as a Troll Berserker on Mar 13, 2016.
             Was a High Priest of Trog.
             Slain by a five-headed hydra (7 damage)
             ... in the Dungeon (Sprint IX: "|||||||||||||||||||||||||||||").
             The game lasted 00:04:13 (599 turns).

Kokonut the Basher (Troll Berserker)                 Turns: 599, Time: 00:04:14

HP:   -5/114 (115)  AC:  8    Str: 30    XL:     10   Next: 4%
MP:   9/9           EV: 15    Int:  3    God:    Trog [*****.]
Gold: 10            SH:  0    Dex: 12    Spells: 0 memorised, 9 levels left

rFire  . . .     SeeInvis .     m - +2 morningstar of Sulphur {drain, MR+}
rCold  . . .     Gourm    +     b - +0 animal skin
rNeg   . . .     Faith    .     (no shield)
rPois  .         Spirit   .     (helmet restricted)
rElec  .         Dismiss  .     n - +0 cloak
rCorr  .         Reflect  .     (gloves unavailable)
SustAt .         Harm     .     (boots unavailable)
MR     +....     NoTele   +     (no amulet)
Stlth  +.........               p - +3 ring of strength
                                o - +2 ring of protection

@: lethally poisoned (-5 -> -20), exhausted, slowed, very slow, somewhat
resistant to hostile enchantments, very unstealthy
A: unfitting armour, claws 3, fast metabolism 3, gourmand, regeneration 2,
shaggy fur 1, tough skin 2
a: Berserk, Trog's Hand, Brothers in Arms, Burn Spellbooks, Renounce Religion


You were in the Dungeon.
You worshipped Trog.
Trog was extremely pleased with you.
You were very full.

You visited 1 branch You collected 10 gold pieces.

Inventory:

Hand Weapons
 a - a +0 mace
 m - the +2 morningstar of Sulphur (weapon) {drain, MR+}
   (You found it in the Dungeon)

   A truly terrible weapon, it drains the life of those it strikes.
   It affects your resistance to hostile enchantments.
Armour
 b - a +0 animal skin (worn)
 n - a +0 cloak (worn)
Jewellery
 o - a +2 ring of protection (left claw)
 p - a +3 ring of strength (right claw)
Wands
 l - a wand of acid (7/15)
Scrolls
 i - 2 scrolls of blinking
 k - 4 scrolls of remove curse
 t - a scroll of fear
 u - a scroll of identify
 v - 4 scrolls of enchant weapon
 w - 2 scrolls of enchant armour
Potions
 d - 5 potions of curing
 e - 7 potions of heal wounds
 f - a potion of haste
 g - 4 potions of magic
 h - 2 potions of berserk rage
 j - a potion of invisibility
 q - a potion of agility
 r - a potion of cure mutation
Comestibles
 c - 2 bread rations
 s - a meat ration
 x - 6 chunks of flesh


   Skills:
 + Level 11.9 Fighting
 - Level 12.1 Maces & Flails
 + Level 11.9 Dodging


You had 9 spell levels left.
You didn't know any spells.

Dungeon Overview and Level Annotations

Branches:
Dungeon (1/1)

Altars:
Cheibriados
Dithmenos
Elyvilon
Fedhas
Gozag
Kikubaaqudgha
Makhleb
Nemelex Xobeh
Okawaru
Pakellas
Qazlal
Ru
Sif Muna
Trog
Vehumet
Xom
Yredelemnul
Zin
The Shining One
Beogh
Jiyva
Lugonu


Innate Abilities, Weirdness & Mutations

You are too large for most types of armour.
You have claws for hands.
Your metabolism is lightning-fast.
You like to eat raw meat.
You heal very quickly.
You are covered in fur (AC +1).
You have very tough skin (AC +2).


Message History

The blink frog hits you but does no damage.
The blink frog misses you.
You sock the blink frog! You drain the blink frog!
The blink frog is heavily wounded.
You feel very sick. The blink frog closely misses you.
The five-headed hydra bites you but does no damage.
The five-headed hydra misses you.
The five-headed hydra closely misses you.
The five-headed hydra bites you!
* * * LOW HITPOINT WARNING * * *
The five-headed hydra bites you but does no damage.
The blink frog hits you.
* * * LOW HITPOINT WARNING * * *
The blink frog blinks!
The five-headed hydra bites you!
* * * LOW HITPOINT WARNING * * *
The five-headed hydra bites you!
* * * LOW HITPOINT WARNING * * *
The five-headed hydra bites you!
You die...

▓_▓.▓)▓
▓_▓.▓)▓
▓_▓.▓†▓
▓_▓.▓÷▓
▓_▓.▓F▓
▓_▓.▓.▓
▓_▓.▓.▓
▓_▓.▓§▓
▓_▓.▓@▓
▓_▓.▓D▓
▓_▓.▓F▓
▓_▓.▓F▓
▓_▓.▓†▓
▓_▓.▓†▓
▓_▓.▓.▓
▓_▓.▓.▓
▓_▓.▓.▓


You could see a five-headed hydra, 2 spiny frogs and a blink frog.

Vanquished Creatures
  A hydra (D)
  A deep elf mage (D)
  A black mamba (D)
  A spiny frog (D)
  A komodo dragon (D)
  A polar bear (D)
  A yak (D)
  2 hippogriffs (D)
  A soldier ant (D)
  2 porcupines (D)
  A wasp (D)
  A necrophage (D)
  An ice beast (D)
  A crocodile (D)
  A scorpion (D)
  2 killer bees (D)
  A howler monkey (D)
  An iguana (D)
  An adder (D)
  A giant gecko (D)
  An orc (D)
  A giant cockroach (D)
  A goblin (D)
  A bat (D)
  A giant newt (D)
  2 rats (D)
30 creatures vanquished.

Vanquished Creatures (collateral kills)
  A deep elf mage (D)
  2 komodo dragons (D)
  A porcupine (D)
  A worker ant (D)
  A bat zombie (D)
6 creatures vanquished.

Grand Total: 36 creatures vanquished

Notes
Turn   | Place    | Note
--------------------------------------------------------------
     0 | D        | Kokonut the Troll Berserker began the quest for the Orb.
     0 | D        | Reached XP level 1. HP: 22/22 MP: 0/0
     8 | D        | Reached skill level 3 in Maces & Flails
     9 | D        | Reached ** piety under Trog
    17 | D        | Reached skill level 4 in Maces & Flails
    23 | D        | Noticed a howler monkey
    23 | D        | Noticed a scorpion
    26 | D        | Reached *** piety under Trog
    32 | D        | Reached skill level 5 in Maces & Flails
    32 | D        | Reached XP level 2. HP: 26/29 MP: 1/1
    42 | D        | Killed a howler monkey
    42 | D        | Reached **** piety under Trog
    42 | D        | Reached skill level 7 in Maces & Flails
    42 | D        | Reached XP level 3. HP: 33/36 MP: 2/2
    53 | D        | Killed a scorpion
    53 | D        | Reached skill level 8 in Maces & Flails
    53 | D        | Reached XP level 4. HP: 19/44 MP: 3/3
    99 | D        | Found a glowing silver altar of Zin.
    99 | D        | Found a glowing golden altar of the Shining One.
    99 | D        | Found an ancient bone altar of Kikubaaqudgha.
    99 | D        | Found a basalt altar of Yredelemnul.
    99 | D        | Found a shimmering altar of Xom.
    99 | D        | Found a radiant altar of Vehumet.
   100 | D        | Found an iron altar of Okawaru.
   101 | D        | Found a burning altar of Makhleb.
   102 | D        | Found a deep blue altar of Sif Muna.
   103 | D        | Found a bloodstained altar of Trog.
   104 | D        | Found a sparkling altar of Nemelex Xobeh.
   105 | D        | Found a white marble altar of Elyvilon.
   106 | D        | Found a roughly hewn altar of Beogh.
   107 | D        | Found a viscous altar of Jiyva.
   108 | D        | Found a corrupted altar of Lugonu.
   109 | D        | Found a blossoming altar of Fedhas.
   110 | D        | Found a snail-covered altar of Cheibriados.
   111 | D        | Found a shadowy altar of Dithmenos.
   112 | D        | Found a stormy altar of Qazlal.
   113 | D        | Found an opulent altar of Gozag.
   114 | D        | Found a sacrificial altar of Ru.
   115 | D        | Found an oddly glowing altar of Pakellas.
   132 | D        | Got the +2 morningstar of Sulphur {drain, MR+}
   149 | D        | Noticed an ice beast
   149 | D        | Noticed a wasp
   149 | D        | Noticed a yak
   149 | D        | Noticed a necrophage
   155 | D        | Killed an ice beast
   155 | D        | Reached skill level 10 in Maces & Flails
   155 | D        | Reached XP level 5. HP: 50/50 MP: 4/4
   162 | D        | Reached skill level 11 in Maces & Flails
   167 | D        | Killed a wasp
   167 | D        | Reached skill level 12 in Maces & Flails
   167 | D        | Reached XP level 6. HP: 59/59 MP: 5/5
   172 | D        | Killed a yak
   172 | D        | Reached ***** piety under Trog
   179 | D        | Reached skill level 5 in Fighting
   179 | D        | Reached skill level 5 in Dodging
   179 | D        | Reached XP level 7. HP: 32/71 MP: 6/6
   205 | D        | Noticed a deep elf mage
   205 | D        | Noticed a deep elf mage
   228 | D        | Killed a deep elf mage
   228 | D        | Reached XP level 8. HP: 37/86 MP: 7/7
   235 | D        | Killed a deep elf mage
   457 | D        | Noticed a komodo dragon
   457 | D        | Noticed a four-headed hydra
   457 | D        | Noticed a spiny frog
   463 | D        | Killed a komodo dragon
   463 | D        | Received a gift from Trog
   464 | D        | Noticed a komodo dragon
   465 | D        | Noticed a komodo dragon
   467 | D        | Killed a four-headed hydra
   467 | D        | Reached skill level 10 in Fighting
   467 | D        | Reached skill level 10 in Dodging
   467 | D        | Reached XP level 9. HP: 100/100 MP: 8/8
   487 | D        | Killed a spiny frog
   490 | D        | Killed a komodo dragon
   490 | D        | Received a gift from Trog
   491 | D        | Killed a komodo dragon
   493 | D        | Received a gift from Trog
   573 | D        | Noticed a polar bear
   573 | D        | Noticed a black mamba
   575 | D        | Noticed a spiny frog
   577 | D        | Noticed a five-headed hydra
   578 | D        | Noticed a spiny frog
   582 | D        | Killed a polar bear
   593 | D        | Killed a black mamba
   593 | D        | Reached XP level 10. HP: 84/114 MP: 9/9
   599 | D        | HP: 2/114 [five-headed hydra (13)]
   599 | D        | Slain by a five-headed hydra

Vault maps used:
D:        linesprint

Skill      XL: |  1  2  3  4  5  6  7  8  9 |
---------------+----------------------------+-----
Maces & Flails | 5 7 8 10 12 | 12.1
Fighting       | 5 7 10 11 | 11.9
Dodging        | 5 7 10 11 | 11.9

Action                   |  1- 3 |  4- 6 |  7- 9 | 10-12 || total
-------------------------+-------+-------+-------+-------++-------
Melee: Mace              |    43 |       |       |       ||    43
       Morningstar       |       |    28 |    69 |     2 ||    99
Invok: Berserk           |       |     1 |     3 |       ||     4
       Brothers in Arms  |       |       |     2 |       ||     2
  Eat: Chunk             |       |     3 |    11 |       ||    14
